Cogmind - Beta 10.2 @@@ ROGUE MODE // 2021.03.18 @ 09:36:57 Player: MoonDog Result: Destroyed by Y-45 Defender with Heavy Assault Rifle Performance ------------- Evolutions (1) 500 Regions Visited (4) 800 Robots Destroyed (11) 55 Value Destroyed (164) 164 Prototype IDs (4) 80 Alien Tech Used (0) 0 Bonus (-38) -38 TOTAL SCORE: 1561 Bonus ------- Follower Combat Kills 39 Friendly Fire -77 Cogmind --------- Core Integrity 0/400 Matter 295/300 Energy 78/100 System Corruption 0% Temperature Cool (0) Movement Flying (40) Location -9/Storage Parts ------- > --- POWER (1) -------- (None) > --- PROPULSION (2) --- VTOL Module > --- UTILITY (4) ------ Visual Processing Unit Hacking Suite Hacking Suite Hacking Suite > --- WEAPON (2) ------- Shock Maul > --- INVENTORY (4) ---- Cooled Ion Engine VTOL Module Improved Sensor Array Hacking Suite Peak State ------------ > --- POWER ------------ Cooled Ion Engine > --- PROPULSION ------- VTOL Module VTOL Module > --- UTILITY ---------- Visual Processing Unit Hacking Suite Hacking Suite Hacking Suite > --- WEAPON ----------- Mini Grenade Launcher Shock Maul > --- INVENTORY -------- VTOL Module Improved Sensor Array Hacking Suite Mini Grenade Launcher [Rating: 26] Favorites ----------- Power Light Ion Engine Engine Light Ion Engine Propulsion Flight Unit Wheel Wheel Flight Unit Flight Unit Utility Hacking Suite Processor Visual Processing Unit Hackware Hacking Suite Weapon Mini Grenade Launcher Energy Gun EM Pulse Gun Ballistic Gun Light Assault Rifle Launcher Mini Grenade Launcher Impact Weapon Mace Special Melee Weapon Datajack Build | -11 -10 -10 -9 -9 ------- Run | Scr Mat Min Mat Sto Slots Evolved 2 | . . . 2 . Power . | . . . . . Propulsion . | . . . . . Utility 2 | . . . 2 . Weapon . | . . . . . Parts Attached 27 | 5 5 2 9 6 Power 4 | . 1 1 1 1 Engine 4 | . 1 1 1 1 Core . | . . . . . Reactor . | . . . . . Propulsion 9 | 2 2 1 2 2 Treads . | . . . . . Leg . | . . . . . Wheel 2 | 2 . . . . Hover . | . . . . . Flight 7 | . 2 1 2 2 Utility 4 | . 2 . 2 . Device . | . . . . . Storage . | . . . . . Processor 1 | . . . 1 . Hackware 3 | . 2 . 1 . Protection . | . . . . . Artifact . | . . . . . Weapon 10 | 3 . . 4 3 Energy Gun 1 | 1 . . . . Energy Cannon . | . . . . . Ballistic Gun 2 | 2 . . . . Ballistic Cannon . | . . . . . Launcher 3 | . . . 1 2 Special Weapon . | . . . . . Impact Weapon 3 | . . . 2 1 Slashing Weapon . | . . . . . Piercing Weapon . | . . . . . Special Melee Weapon 1 | . . . 1 . Unidentified Prototypes 2 | . . . . 2 Parts Lost 9 | . . 4 4 1 Power 2 | . . 1 1 . Propulsion 4 | . . 1 2 1 Utility . | . . . . . Weapon 3 | . . 2 1 . Highest Loss Streak 4 | . . 4 2 1 Average Slot Usage (%) 80 | . 77 88 72 95 Engine 5 | . 3 11 2 10 Wheel 2 | . 5 . . . Flight 21 | . 22 28 18 22 Processor 5 | . . . 10 11 Hackware 23 | . 15 28 25 33 Energy Gun 6 | . 14 8 . . Ballistic Gun 6 | . 14 11 . . Launcher 6 | . . . 7 18 Impact Weapon 2 | . . . 6 . Naked Turns . | . . . . . Heaviest Build 10 | 3 6 6 5 10 Greatest Support 10 | 3 8 8 8 10 Greatest Overweight (x) . | . . . . . Average Overweight (x) . | . . . . . Largest Inventory Capacity 4 | 4 4 4 4 4 Average Capacity 4 | 4 4 4 4 4 Most Carried 4 | 3 4 4 4 4 Average Carried 3 | 2 3 3 3 3 Final Capacity 4 | 4 4 4 4 4 Final Carried 4 | 3 4 3 4 4 Class Distribution -------------------- 66% | Hacker-Mutant 33% | Mutant Dominant Class ---------------- Mutant | -10/Materials Hacker-Mutant | -10/Mines Hacker-Mutant | -9/Materials Hacker-Mutant | -9/Storage Resources | -11 -10 -10 -9 -9 ----------- Run | Scr Mat Min Mat Sto Matter Collected 470 | 246 44 . 55 125 Remotely . | . . . . . Salvage Created 178 | . 53 . 101 24 Parts 24 | . 9 . 8 7 Haulers Intercepted . | . . . . . Recyclers Shooed . | . . . . . Parts Field Recycled . | . . . . . Retrieved Matter . | . . . . . Parts Self-Destructed . | . . . . . Prevented . | . . . . . Kills | -11 -10 -10 -9 -9 ------- Run | Scr Mat Min Mat Sto Combat Hostiles Destroyed 5 | . . . 2 3 Melee 1 | . . . 1 . AOE 4 | . . . 1 3 Classes Destroyed 5 | . 1 . 3 1 Worker 1 | . . . . 1 Operator 4 | . 3 . 1 . Watcher 1 | . . . 1 . Swarmer 4 | . . . 1 3 Sentry 1 | . . . 1 . Best Kill Streak 4 | . 1 . 1 4 Combat Bots Only 3 | . . . 1 3 Max Kills in Single Turn 2 | . 1 . 1 2 Gunslinging . | . . . . . Exploded 2 | . . . 1 2 Melee 1 | . . . 1 . Uniques/NPCs Destroyed . | . . . . . Combat | -11 -10 -10 -9 -9 -------- Run | Scr Mat Min Mat Sto Damage Taken 860 | . 63 147 553 97 Core 431 | . 7 17 361 46 Absorbed by Shields . | . . . . . Core Remaining (%) 95 | 100 . 90 . . Volleys Fired 7 | . 4 . . 3 Largest 2 | . 1 . . 2 Hottest 60 | . 40 . . 60 Shots Fired 9 | . 4 . . 5 Gun 4 | . 4 . . . Cannon . | . . . . . Launcher 5 | . . . . 5 Special . | . . . . . Kinetic . | . . . . . Thermal . | . . . . . Explosive 5 | . . . . 5 Electromagnetic 4 | . 4 . . . Robot Hit Streak 4 | . 4 . . . Robot Miss Streak . | . . . . . Penetration Max . | . . . . . Secondary Targets . | . . . . . Shots Hit Robots 7 | . 4 . 2 1 Core Hits 11 | . 3 . 4 4 Critical Hits . | . . . . . Critical Kills . | . . . . . Critical Parts Destroyed . | . . . . . Melee Attacks 11 | . . . 9 2 Impact 9 | . . . 7 2 Slashing . | . . . . . Piercing . | . . . . . Sneak Attacks 1 | . . . 1 . Combat Hostiles . | . . . . . Follow-up Attacks . | . . . . . Damage Inflicted 618 | . 67 . 267 284 Guns 67 | . 67 . . . Cannons . | . . . . . Explosions 473 | . . . 213 260 Melee 63 | . . . 39 24 Ramming 15 | . . . 15 . Kinetic . | . . . . . Thermal 129 | . . . 129 . Explosive 260 | . . . . 260 Electromagnetic 151 | . 67 . 84 . Impact 63 | . . . 39 24 Slashing . | . . . . . Piercing . | . . . . . Highest Corruption . | . . . . . Average Corruption . | . . . . . Corruption Purged . | . . . . . Overload Shots . | . . . . . Overflow Damage 31 | . . . 31 . Projectiles . | . . . . . Explosions 2 | . . . 2 . Melee 29 | . . . 29 . Knockbacks 1 | . . . . 1 Impact 1 | . . . . 1 Kinetic . | . . . . . Secondary . | . . . . . Self-Inflicted Damage 90 | . . . 65 25 Shots 2 | . . . 1 1 Rammed 5 | . . . 5 . Targets Rammed 5 | . . . 5 . Kicked . | . . . . . Crushed . | . . . . . Highest Temperature 15 | . 15 . . . Average Temperature 6 | . 6 . . . Received Heat Transfer 150 | . 6 . 129 15 Siege Activations . | . . . . . Robots Corrupted . | . . . . . Combat Hostiles . | . . . . . Parts Fried 3 | . 1 . 2 . Impact Corruptions 1 | . . . 1 . Robots Melted . | . . . . . Combat Hostiles . | . . . . . Parts Melted . | . . . . . Heat Transferred 100 | . . . 100 . Parts Sabotaged . | . . . . . Parts Stolen . | . . . . . Parts Stripped . | . . . . . Power Chain Reactions . | . . . . . Missiles Intercepted . | . . . . . Alert | -11 -10 -10 -9 -9 ------- Run | Scr Mat Min Mat Sto Peak Influence 152 | . 50 12 146 152 Initial 53 | . . . . 53 Average 50 | . 38 . 54 86 Maximum Alert Level . | . . . . . Low Security (%) 100 | 100 100 100 100 100 Level 1 . | . . . . . Level 2 . | . . . . . Level 3 . | . . . . . Level 4 . | . . . . . Level 5 . | . . . . . High Security . | . . . . . Max Security . | . . . . . Squads Dispatched 4 | . 2 . 1 1 Investigation 2 | . 1 . 1 . Extermination . | . . . . . Reinforcement 2 | . 1 . . 1 Assault . | . . . . . Garrison . | . . . . . Intercept . | . . . . . Construction Impeded . | . . . . . Haulers Reinforced . | . . . . . Stealth | -11 -10 -10 -9 -9 --------- Run | Scr Mat Min Mat Sto Distress Signals 2 | . . . 2 . Communications Jammed . | . . . . . Distress Signals . | . . . . . Times Spotted 61 | . 11 22 18 10 Peak Tracking Total 20 | . 7 20 7 5 Tactical Retreats 4 | . . 1 3 . Traps | -11 -10 -10 -9 -9 ------- Run | Scr Mat Min Mat Sto Traps Triggered . | . . . . . Indirectly . | . . . . . Trap Hack Attempts . | . . . . . Triggered . | . . . . . Disarmed . | . . . . . Reprogrammed . | . . . . . Reused . | . . . . . Traps Extracted . | . . . . . Installed . | . . . . . Triggered . | . . . . . Machines | -11 -10 -10 -9 -9 ---------- Run | Scr Mat Min Mat Sto Machines Disabled 3 | . . . 2 1 Max in Single Turn 1 | . . . 1 1 Machines Sabotaged . | . . . . . Garrisons Compromised . | . . . . . Overloaded Fab Kills . | . . . . . Fab Network Shutdowns . | . . . . . Hacking | -11 -10 -10 -9 -9 --------- Run | Scr Mat Min Mat Sto Machines Accessed 24 | . 4 . 9 11 Terminals 23 | . 4 . 8 11 Fabricators . | . . . . . Repair Stations . | . . . . . Recycling Units . | . . . . . Scanalyzers 1 | . . . 1 . Garrison Access . | . . . . . Total Hacks 84 | . 20 . 38 26 Successful 66 | . 12 . 31 23 Failed 18 | . 8 . 7 3 Catastrophic . | . . . . . Database Lockouts . | . . . . . Manual 57 | . 15 . 29 13 Terminals 81 | . 20 . 35 26 Fabricators . | . . . . . Repair Stations . | . . . . . Recycling Units . | . . . . . Scanalyzers 3 | . . . 3 . Garrison Access . | . . . . . Terminal Hacks 29 | . 3 . 13 13 Part Schematic 2 | . . . 1 1 Robot Analysis 1 | . 1 . . . Prototype ID Bank 1 | . 1 . . . Open Door 5 | . . . . 5 Branch Access Points 2 | . 1 . 1 . Emergency Access Points 1 | . . . . 1 Terminal Index 1 | . . . 1 . Repair Station Index 1 | . . . 1 . Recycling Unit Index 1 | . . . 1 . Scanalyzer Index 1 | . . . 1 . Unreport Threat 4 | . . . 3 1 Locate Traps 1 | . . . . 1 Surveillance Status 1 | . . . 1 . Recall Investigation 1 | . . . 1 . Recall Extermination 1 | . . . 1 . Recall Reinforcements 1 | . . . 1 . Registered Components 1 | . . . . 1 Zone Layout 3 | . . . . 3 Fabricator Hacks . | . . . . . Repair Station Hacks . | . . . . . Recycling Unit Hacks . | . . . . . Scanalyzer 2 | . . . 2 . Insert Component 1 | . . . 1 . Analyze 1 | . . . 1 . Garrison Access Hacks . | . . . . . Unauthorized Hacks 35 | . 9 . 16 10 Terminals 34 | . 9 . 15 10 Track 11 | . 3 . 4 4 Assimilate 5 | . 2 . 2 1 Botnet 13 | . 3 . 6 4 Detonate 2 | . . . 2 . Operators 3 | . 1 . 1 1 Fabricators . | . . . . . Repair Stations . | . . . . . Recycling Units . | . . . . . Scanalyzers 1 | . . . 1 . Researchers 1 | . . . 1 . Garrison Access . | . . . . . Data Cores Recovered . | . . . . . Used . | . . . . . Hacking Detections 23 | . 4 . 9 10 Full Trace Events 4 | . 2 . 2 . Feedback Events . | . . . . . Feedback Blocked . | . . . . . Robot Schematics Acquired . | . . . . . Robots Built . | . . . . . Matter . | . . . . . Time . | . . . . . Total Robot Build Rating . | . . . . . Part Schematics Acquired 3 | . . . 2 1 Parts Built . | . . . . . Matter . | . . . . . Time . | . . . . . Total Part Build Rating . | . . . . . Parts Repaired . | . . . . . Time . | . . . . . Parts Recycled . | . . . . . Recycled Matter . | . . . . . Retrieved Matter . | . . . . . Retrieved Components . | . . . . . Parts Scanalyzed 1 | . . . 1 . Part Schematics Acquired 1 | . . . 1 . Parts Damaged . | . . . . . Bothacking | -11 -10 -10 -9 -9 ------------ Run | Scr Mat Min Mat Sto Used RIF Installer . | . . . . . Robots Hacked 1 | . . . 1 . Non-combat 1 | . . . 1 . Combat . | . . . . . Robot Hacks Applied 1 | . . . 1 . check_alert 1 | . . . 1 . Relay Couplers Released . | . . . . . Robots Rewired . | . . . . . Allies Hacked . | . . . . . Hacks Repelled . | . . . . . Allies | -11 -10 -10 -9 -9 -------- Run | Scr Mat Min Mat Sto Total Allies 6 | . 2 3 1 . Largest Group 3 | . 2 3 1 . Highest-Rated Group 40 | . 20 40 10 . Highest-Rated Ally 16 | . 10 16 10 . Total Orders . | . . . . . Ally Attacks 5 | . . 5 . . Total Damage 74 | . . 74 . . Kills 2 | . . 2 . . Allies Corrupted . | . . . . . Allies Melted . | . . . . . Intel | -11 -10 -10 -9 -9 ------- Run | Scr Mat Min Mat Sto Robot Analysis Total 1 | . 1 . . . Derelict Logs Recovered . | . . . . . Drone Launches . | . . . . . Drone Recoveries . | . . . . . Exploration | -11 -10 -10 -9 -9 ------------- Run | Scr Mat Min Mat Sto Turns Passed 1098 | 34 462 52 326 224 Spaces Moved 1414 | 47 317 102 498 450 Core 216 | 47 141 . 28 . Treads . | . . . . . Legs . | . . . . . Wheels . | . . . . . Hover . | . . . . . Flight 1198 | . 176 102 470 450 Fastest Speed 37 | 50 37 37 37 37 Average Speed 39 | 50 42 37 38 37 Slowest Speed 50 | 50 50 37 50 40 Overloaded Moves . | . . . . . Propulsion Burnouts . | . . . . . Robots Hopped 22 | . 3 3 8 8 Cave-ins Triggered . | . . . . . Exploration Rate (%) 37 | 3 37 21 49 76 Regions Visited 4 Branch Regions 2 Pre-discovered Areas . | . . . . . Known Exits Taken 2 | . 1 . 1 . Unknown Exits Taken 2 | 1 . 1 . . Scrap Searched . | . . . . . Spaces Dug 6 | . . . 6 . Terrain Destroyed 72 | . . . 38 34 Melee 6 | . . . 6 . Projectile . | . . . . . AOE 66 | . . . 32 34 Terrain Rammed . | . . . . . Walls Destroyed . | . . . . . Machines Disabled . | . . . . . Actions | -11 -10 -10 -9 -9 --------- Run | Scr Mat Min Mat Sto Total 1902 | 54 636 112 606 494 Wait 433 | . 304 12 87 30 Move 1369 | 46 311 95 483 434 Hop 19 | . 2 3 6 8 Pick Up 13 | 2 5 . 3 3 Fast Attach 18 | 5 4 1 6 2 Attach 4 | . 1 1 1 1 Detach 3 | 1 . . 1 1 Swap 5 | . . . 2 3 Drop 15 | . 5 . 3 7 Fire 7 | . 4 . . 3 Melee 11 | . . . 9 2 Ram 5 | . . . 5 . Kick . | . . . . . Crush . | . . . . . Escape Stasis . | . . . . . Rewire . | . . . . . Trap . | . . . . . Miscellaneous . | . . . . . Route ------- -11/Scrapyard -10/Materials (discovered 2 exits: *Min x2) -10/Mines -9/Materials (discovered 4 exits: [*Mat] / *Min x2 / *Sto) -9/Storage (discovered 1 exit: [*Rec]) History --------- Turn | Location | Event 18 | -11/Scrapyard | Discovered new exit (range 16) 35 | -11/Scrapyard | Entered Materials 109 | -10/Materials | Identified exit to Mines 300 | -10/Materials | Build established: Mutant 497 | -10/Materials | Entered Mines 501 | -10/Mines | Assembled infested the area 516 | -10/Mines | Assisted by bots powering up and referring to "LRC-V3" 538 | -10/Mines | Discovered new exit (range 8) 549 | -10/Mines | Entered Materials 549 | -9/Materials | Evolved 2 slots: Utility x2 561 | -9/Materials | Lost 4 parts (1p1n2w) 662 | -9/Materials | Build established: Hacker-Mutant 731 | -9/Materials | Discovered new exit (range 8) 808 | -9/Materials | Discovered new exit (range 10) 811 | -9/Materials | Identified exit to Mines 811 | -9/Materials | Identified exit to Storage 858 | -9/Materials | Core integrity fell below 50% 870 | -9/Materials | Core integrity fell below 20% 875 | -9/Materials | Entered Storage 918 | -9/Storage | Discovered new exit (range 6) 918 | -9/Storage | Used back door to open Recycling access 1099 | -9/Storage | Destroyed by Y-45 Defender with Heavy Assault Rifle Last Messages --------------- 01077_ Connecting with Door Terminal... >>Open Sealed Heavy Doors opened. 01077_ Dropped Lgt. Ion Engine. 01078_ Acquired Prototype Impact Weapon. 01084_ Connecting with Terminal... >>Trojan(Assimilate) Trojan loaded successfully. Testing... System interface override in place. 01084_ O-16 Technician: "IFF HANDSHAKE FAILED. SECURING TERMINAL." 01086_ Identified Shock Maul. 01088_ Dropped Mni. Grenade Launcher. 01088_ Dropped Cld. Ion Engine. 01089_ Dropped Mni. Grenade Launcher. 01090_ Acquired Cld. Ion Engine. 01091_ ALERT: Hostiles spotted, dispatching reinforcements to Terminal S014. 01094_ O-16 Technician knocked back. 01096_ VTOL Module destroyed. Map ----- +----------------------------------------------------+ | ??????????#!!! ## * ! #?? #??????# # | | ??????????#!!! #T # ########+######???###+# | | ??????????# #???# w | | ?????????##!! #???# "" | | ?????????##!! #???# "" | | ?????????##!!!!# ###################### "" | | ?????????######## k# w / + | | ?????????##########u # """""" ######## u # * | | ?????????????????# #a" " #?? # ##### | | ?????????????????## # " " #?? + ^^^^ | | ?????????????????# / """"""a +?? t ###^ ^^! | | ?????????????????# # #?? #?# ^^^!a | | ?????????????????## # #?? ku #?# !! | | ??????????????????# + #?? #?# = | | ??????????????????# ######/####??####### | | ??????????????????# ###### #????? | | ??????????????????# #ggT## #????? ##"Y" | | ??????????????###?# #gg # ##### ##""" | | ?????????######T### #gg + s s ##### | | ?????????# # #gg # ##### s #???? | | ?????????# """ # #gg ##+#####+###s#####???? | | ?????????# """ # ###### ## #???????? | | ?????????# """ # + """" ## ####????? | | ?????????# + ### """" # ###### | | ????????## """"" # oT## """" # | | ????????# """"" ## @ ###a """" + | | ????????## """"" ## ### # | | ?????????# ## / #??? ####+# | | ?????????###/####### ### r] #??????????? | | ???????????# #?????# #?# ] #??????????? | | ???????????# #?????# #?######+###??????????? | | ???????????# #?????# #??###?# #????????????? | | ????????#### #######Y g####T### ####?????????? | | ????????# k +?????????? | | ????????##+##########+########+##+####?????????? | | ????###??# #??????#T*#?????? ????????????? | | ????#!!!!# #??????## #?????? ????????????? | | ????# #???????# #????? ???????????? | | ????#!!!!#T##???????###????? ???????????? | | ????####??#?????????????????########???????????? | | | | | | | | | | | | | | | | | | | | | +----------------------------------------------------+ Best States ------------- Heat Dissipation 28 Energy Generation 14 Energy Capacity 280 Matter Stores 300 Matter Capacity 300 Sight Range 18 Terrain Scan Density 10 Evasion (%) 62 Offensive Hacking 30 Item Schematics ----------------- Hacking Suite | -9/Materials | Scanalyzed Imp. Signal Interpreter | -9/Materials | Hacked Hvy. Ion Cannon | -9/Storage | Hacked Robot Schematics ------------------ None Fabricated ------------ Nothing Alien Tech Used ----------------- None Achievements -------------- None Challenges ------------ None Game ------ Seed StormArcInjector Manual? 0 Play Time 00:29:52 Cumulative 125.5 hours Start 2021.03.17 @ 13:39:40 End 2021.03.18 @ 09:36:57 Sessions 5 Manual Loads 0 Difficulty Rogue Special Mode None Game No. 109 Rogue 109 Adventurer 0 Explorer 0 Win Type - Total 1 Types 1/0/0/0/0/0/0/0/0 Lore% 43 Gallery% 60 Achievement% 46 Wizard Run 0 Options --------- ASCII 0 Keyboard 0 Movement Numpad Keybinds 0 Fullscreen 0 Font 16/CogWide Map View 76x50 Tactical HUD 1 Map Filters NONE Filters NONE Steam 1 RUN: 4bc4f17d-2174-4e49-98f6-c0b0894dd9ff